 Dungeon Crawl Stone Soup version 0.20-a0-641-g673355a (webtiles) character file.

53 AlphabetPasta the Grave Robber (level 3, -3/26 HPs)
             Began as a Barachian Necromancer on Feb 12, 2017.
             Killed by divine providence
             ... invoked by an orc priest
              (15 damage)
             ... on level 2 of the Dungeon.
             The game lasted 00:12:18 (3118 turns).

AlphabetPasta the Grave Robber (BaNe)               Turns: 3118, Time: 00:12:19

Health: -3/26      AC:  3    Str:  6    XL:     3   Next: 89%
Magic:  1/7        EV: 12    Int: 14    God:
Gold:   27         SH:  0    Dex: 11    Spells: 2/7 levels left

rFire    . . .     SeeInvis .   f - +0 falchion
rCold    . . .     Gourm    .   a - +0 robe
rNeg     . . .     Faith    .   (no shield)
rPois    .         Spirit   .   r - +0 helmet
rElec    .         Reflect  .   (no cloak)
rCorr    .         Harm     .   (no gloves)
MR       .....                  (no boots)
Stlth    ++........             (no amulet)
Regen    0.1/turn               (no ring)
MPRegen  0.1/turn               (no ring)

@: very slightly contaminated, slow
A: swims, slowness 1, strong legs 1
a: Hop


You were on level 2 of the Dungeon.
You were not hungry.

You visited 1 branch of the dungeon, and saw 3 of its levels.

You collected 27 gold pieces.

Inventory:

Hand Weapons
 f - a +0 falchion (weapon)
 h - a +0 spear
Armour
 a - a +0 robe (worn)
 r - a +0 helmet (worn)
Scrolls
 j - a scroll of remove curse
Potions
 d - a potion of curing {unknown}
 e - a potion of resistance {unknown}
 g - a potion of agility {unknown}
 i - a potion of lignification
 k - a potion of might {unknown}
 l - a potion of brilliance
 p - a potion of flight {unknown}
 q - a potion of cancellation {unknown}
Books
 b - a book of Necromancy

   Spells                             Type                      Level
   a - Pain                           Necromancy                   1
   b - Animate Skeleton               Necromancy                   1
   c - Vampiric Draining              Necromancy                   3
   d - Regeneration                   Charms/Necromancy            3
   e - Animate Dead                   Necromancy                   4
   f - Control Undead                 Necromancy                   4
Comestibles
 c - 2 bread rations
 n - 2 meat rations


   Skills:
 - Level 1.0 Fighting
 + Level 0.2 Long Blades
 - Level 2.0 Dodging
 - Level 2.0 Stealth
 + Level 2.6 Spellcasting
 * Level 4.3 Necromancy


You had 2 spell levels left.
You knew the following spells:

 Your Spells              Type           Power        Failure   Level  Hunger
a - Pain                  Necr           ##..         4%          1    #......
b - Animate Skeleton      Necr           N/A          4%          1    #......
c - Vampiric Draining     Necr           ##........   14%         3    ###....


Dungeon Overview and Level Annotations

Branches:
Dungeon (3/15)

Altars:


Innate Abilities, Weirdness & Mutations

You can swim through water.
You cover ground slowly.
You can hop short distances.


Message History

Press: ? - help, Shift-Dir - straight line, f - orc priest
Aim: an orc priest, wearing a leather armour (chance to defeat MR: 70%)
The orc priest writhes in agony!
The orc priest hits you but does no damage.
Casting: Pain
Confirm with . or Enter, or press ? or * to list all spells.
Aiming: Pain
Press: ? - help, Shift-Dir - straight line, f/p - orc priest
Aim: an orc priest, wearing a leather armour (moderately wounded, chance to defeat MR: 70%)
The orc priest writhes in agony!
The orc priest hits you.
Casting: Pain
Confirm with . or Enter, or press ? or * to list all spells.
Aiming: Pain
Press: ? - help, Shift-Dir - straight line, f/p - orc priest
Aim: an orc priest, wearing a leather armour (heavily wounded, chance to defeat MR: 70%)
The orc priest struggles to resist.
The orc priest calls down the wrath of Beogh upon you.
Beogh smites you!
Ouch! That really hurt!
You die...

#.......# #.......#
#..###.## #.##.####
#......#
###.##.##..
##>#####
#......##.# #.#
#......##.#
#.#######..........
#.##...##.....###.#
#......##.....# #..
##@....(#########.#
#o##.#.#..........
#.##.#.#.####.....
#.##..............
#.####.#.####.....
#......#.####.....
########......#...
###########


You could see an orc priest.

Vanquished Creatures
  2 dart slugs
  A leopard gecko (D:2)
  4 orcs (D:2)
  9 bats
  6 giant cockroaches
  2 hobgoblins
  7 kobolds
  2 ball pythons (D:1)
  2 frilled lizards (D:1)
  4 goblins (D:1)
  5 rats
44 creatures vanquished.

Notes
Turn   | Place    | Note
-------+----------+-------------------------------------------
     0 | D:1      | AlphabetPasta the Barachian Necromancer began the quest for the Orb.
     0 | D:1      | Reached XP level 1. HP: 13/13 MP: 3/3
   214 | D:1      | Reached XP level 2. HP: 8/19 MP: 0/5
   227 | D:1      | Learned a level 1 spell: Animate Skeleton
   659 | D:1      | Reached skill level 4 in Necromancy
   836 | D:1      | Reached XP level 3. HP: 5/24 MP: 0/6
  1604 | D:2      | Learned a level 3 spell: Vampiric Draining
  2786 | D:2      | Reached skill level 1 in Fighting
  3118 | D:2      | Killed from afar by an orc priest

Vault maps used:
D:1:      lightli_arrival_isolated_outpost, minmay_heptomino_o4
D:3:      uniq_grinder

Skill      XL: |  1  2  3 |
---------------+----------+-----
Necromancy     | 4 |  4.3
Fighting       | 1 |  1.0
Long Blades    | |  0.2
Dodging        | |  2.0
Stealth        | |  2.0
Spellcasting   | |  2.6

Action                   || total
-------------------------++-------
Melee: Unarmed           ||     6
       Spear             ||    39
       Falchion          ||     2
 Cast: Pain              ||    83
  Use: Scroll            ||     4
       Potion            ||     2
 Stab: Sleeping          ||     4
       Distracted        ||     1
  Eat: Chunk             ||     7
       Royal jelly       ||     1
Armor: Robe              ||    12
       Skin              ||     5
Dodge: Dodged            ||    42
       Rpst.: Falchion   ||     2
